 Dungeon Crawl Stone Soup version 0.26.0-18-gc5c842f807 (webtiles) character file.

Game seed: 8924856392176896491

26 Gauvater the Firebug (level 3, -2/22 HPs)
             Began as an Octopode Fire Elementalist on Jan 22, 2021.
             Slain by a frilled lizard (3 damage)
             ... on level 2 of the Dungeon.
             The game lasted 00:07:52 (1177 turns).

Gauvater the Firebug (Octopode Fire Elementalist)   Turns: 1177, Time: 00:07:53

Health: -2/22      AC:  1    Str:  7    XL:     3   Next: 8%
Magic:  2/6        EV: 13    Int: 18    God:
Gold:   82         SH:  0    Dex: 12    Spells: 5/6 levels left

rFire    . . .     SeeInvis .   a - +0 spear
rCold    . . .     Faith    .   (no shield)
rNeg     . . .     Spirit   .   (helmet restricted)
rPois    .         Reflect  .   (no amulet)
rElec    .         Harm     .   (no ring)
rCorr    .         Rampage  .   (no ring)
Will     .....                  (no ring)
Stlth    +++.......             (no ring)
HPRegen  0.07/turn              (no ring)
MPRegen  0.10/turn              (no ring)
                                (no ring)
                                (no ring)

@: very slightly contaminated, slowed, invisible, very slow
A: almost no armour, stealthy swim, amphibious, 8 rings, constrict 8, camouflage
1, gelatinous body 1
a: no special abilities


You were on level 2 of the Dungeon.
You visited 1 branch of the dungeon, and saw 2 of its levels.

You collected 82 gold pieces.

Inventory:

Hand Weapons
 a - a +0 spear (weapon)
Missiles
 f - 61 arrows
 g - 12 poisoned darts
 k - 15 stones
Scrolls
 b - 2 scrolls of magic mapping {unknown}
 d - a scroll of teleportation {unknown}
 e - a scroll of random uselessness {unknown}
Potions
 c - 2 potions of heal wounds {unknown}
 h - a potion of haste {unknown}
 j - a potion of berserk rage {unknown}


   Skills:
 * Level 0.5 Fighting
 + Level 0.1 Polearms
 + Level 2.1 Dodging
 + Level 3.1 Stealth
 + Level 2.3 Spellcasting
 + Level 1.0 Conjurations
 + Level 3.4 Fire Magic


You had 5 spell levels left.
You knew the following spells:

 Your Spells              Type           Power        Failure   Level
a - Foxfire               Conj/Fire      40%          7%          1

Your spell library contained the following spells:

 Spells                   Type           Power        Failure   Level
 Conjure Flame            Conj/Fire      10%          21%         3
 Inner Flame              Hex/Fire       8%           26%         3
 Sticky Flame             Conj/Fire      10%          56%         4
 Fireball                 Conj/Fire      5%           88%         5


Dungeon Overview and Level Annotations

Branches:
Dungeon (2/15)

Altars:
Makhleb

Annotations:
D:2 Natasha


Innate Abilities, Weirdness & Mutations

You cannot wear most types of armour.
You are very stealthy in the water. (Stealth+)
You are amphibious.
You can wear up to eight rings at the same time.
You can use your tentacles to constrict eight enemies at once.
Your skin changes colour to match your surroundings (Stealth+).
Your rubbery body absorbs attacks. (AC +1, EV +1)


Message History

The puff of frost misses you.
Natasha mumbles some strange words.
Natasha's front paws start to glow.
Natasha barely misses you. The adder barely misses you.
You fade into invisibility!
You constrict Natasha. The white imp gestures at you.
The puff of frost misses the white imp.
The puff of frost misses you. Natasha closely misses you.
The adder barely misses you.
The frilled lizard completely misses you.
The white imp hits you.
* * * LOW HITPOINT WARNING * * *
The white imp freezes you.
* * * LOW HITPOINT WARNING * * *
Natasha completely misses you. The adder barely misses you.
You are very lightly contaminated with residual magic.
You release your grip on Natasha.
The adder closely misses you.
Natasha mumbles some strange words.
The frilled lizard bites you.
You die...

#..#....##..
...#........
..........# ..)#....#
#....5..# #.5.....#
#5.h....# #.lS....####
. #(@........# .
####...##.....# .
#.............# .
#....#........#### .
#....#...........#####
#....#...........#....
#................#....
###..............#....
#......#####...#....


You could see Natasha, an adder, 3 white imps and a frilled lizard.

Vanquished Creatures
  2 dart slugs (D:1)
  2 giant cockroaches
  2 goblins (D:1)
  A hobgoblin (D:1)
  5 kobolds
  4 bats
  3 frilled lizards (D:1)
  4 rats
23 creatures vanquished.

Vanquished Creatures (others)
  61 foxfires
61 creatures vanquished.

Grand Total: 84 creatures vanquished

Notes
Turn   | Place    | Note
-------+----------+-------------------------------------------
     0 | D:1      | Gauvater the Octopode Fire Elementalist began the quest for
                  | the Orb.
     0 | D:1      | Reached XP level 1. HP: 11/11 MP: 3/3
   146 | D:1      | Reached XP level 2. HP: 17/17 MP: 0/5
  1045 | D:2      | Reached XP level 3. HP: 22/22 MP: 1/6
  1108 | D:2      | Found a burning altar of Makhleb.
  1167 | D:2      | Noticed Natasha
  1176 | D:2      | HP: 1/22 [white imp[Natasha] (5)]
  1177 | D:2      | Slain by a frilled lizard

Illustrated notes

Levels and vault maps discovered:
D:1:      erik_arrival_cave_to_civilisation [erik_arrival_cave_to_hall],
          layout_basic
D:2:      layout_basic, lemuel_doored_altar, vehumet_crystals,
          kennysheep_generic_room_2, uniq_natasha, uniq_crazy_yiuf_cottage,
          uniq_jessica

Skill      XL: |  1 |
---------------+----+-----
Stealth        | 3 |  3.1
Fighting       | |  0.5
Polearms       | |  0.1
Dodging        | |  2.1
Spellcasting   | |  2.3
Conjurations   | |  1.0
Fire Magic     | |  3.4

Action                   || total
-------------------------++-------
Melee: Spear             ||    13
       Constrict         ||     4
       Tentacles         ||     1
 Cast: Foxfire           ||    38
  Use: Potion            ||     1
 Stab: Sleeping          ||     1
Armor: Skin              ||     2
Dodge: Dodged            ||    28
